 Dungeon Crawl Stone Soup version 0.18-b1-22-ge198996 (webtiles) character file.

751018 Chiseanne the Sorcerer (level 27, -35/189 HPs)
             Began as a Demonspawn Wizard on May 3, 2016.
             Was the Champion of Vehumet.
             Killed from afar by Cerebov (69 damage)
             ... with a great blast of fire
             ... in Pandemonium.
             The game lasted 09:01:14 (62356 turns).

Chiseanne the Sorcerer (Demonspawn Wizard)         Turns: 62356, Time: 09:01:14

Health: -35/189    AC: 24    Str: 12    XL:     27
Magic:  0/46       EV: 17    Int: 46    God:    Vehumet [******]
Gold:   2423       SH: 18    Dex: 15    Spells: 12 memorised, 7 levels left

rFire  . . .     SeeInvis +     a - staff of wizardry
rCold  + + .     Gourm    .     N - +4 moon troll leather armour {Spirit, Regen++ MP+5}
rNeg   + + +     Faith    .     z - +5 shield {rF+}
rPois  +         Spirit   +     (helmet unavailable)
rElec  +         Dismiss  .     Y - +2 cloak {MR+}
rCorr  +         Reflect  .     m - +1 pair of gloves of the Sun {rF+}
SustAt .         Harm     .     S - +4 pair of boots "Deip" {MR+ Dex+3 Stlth+}
MR     +++++                    U - amulet of Susud {RegenMP MR+ Int+5}
Stlth  +++++++...               T - ring "Xamaol" {rCorr rElec Str+2 Int+4}
                                F - ring "Uckedum" {Ice rPois rN+++ MP-9 Int+7}

@: fire vulnerable, very slightly contaminated, deflect missiles, almost
entirely resistant to hostile enchantments, extremely stealthy
A: antennae 3, talons 1, slimy green scales 3, cold resistance 1, frail 1,
nightstalker 3, passive freeze, electricity resistance, magic shield, magic
regeneration, magic link, freezing cloud immunity, sturdy frame 1
a: Renounce Religion
}: 5/15 runes: decaying, slimy, silver, magical, gossamer


You were in Pandemonium.
You worshipped Vehumet.
Vehumet was exalted by your worship.
You were not hungry.

You visited 11 branches of the dungeon, and saw 56 of its levels.
You visited Pandemonium 1 time, and saw 7 of its levels.
You visited the Abyss 1 time.
You visited 1 ziggurat, and saw 19 of its levels.
You also visited: Labyrinth, Trove, Ice Cave and Volcano.

You collected 38814 gold pieces.
You spent 15343 gold pieces at shops.
You paid 21048 gold pieces to Gozag.

Inventory:

Armour
 m - the +1 pair of gloves of the Sun (worn) {rF+}
   (You bought it in a shop on level 15 of the Dungeon)

   It protects you from fire.
 z - a +5 shield of fire resistance (worn)
 N - the +4 moon troll leather armour (worn) {Spirit, Regen++ MP+5}
   (You found it on level 12 of a ziggurat)

   It affects your magic capacity (+5).
   It increases your rate of regeneration.
 S - the +4 pair of boots "Deip" (worn) {MR+ Dex+3 Stlth+}
   (You found it on level 8 of the Lair of Beasts)

   It affects your dexterity (+3).
   It affects your resistance to hostile enchantments.
   It makes you more stealthy.
 Y - a +2 cloak of magic resistance (worn)
Magical Staves
 a - an uncursed staff of wizardry (weapon)
 s - an uncursed staff of conjuration
Jewellery
 f - an uncursed ring of flight
 F - the ring "Uckedum" (left hand) {Ice rPois rN+++ MP-9 Int+7}
   (You found it on level 3 of the Elven Halls)

   [ring of ice]

   It enhances your ice magic, and weakens your fire magic.
   It affects your intelligence (+7).
   It makes you vulnerable to fire.
   It protects you from cold.
   It protects you from poison.
   It renders you almost immune to negative energy.
   It affects your magic capacity (-9).
 T - the ring "Xamaol" (right hand) {rCorr rElec Str+2 Int+4}
   (You took it off a deep elf annihilator on level 3 of the Elven Halls)

   [ring of resist corrosion]

   It affects your strength (+2).
   It affects your intelligence (+4).
   It insulates you from electricity.
 U - the amulet of Susud (around neck) {RegenMP MR+ Int+5}
   (You found it in a labyrinth)

   [amulet of magic regeneration]

   It increases your magic regeneration.
   It affects your intelligence (+5).
   It affects your resistance to hostile enchantments.
Wands
 b - a wand of teleportation (6/9)
 y - a wand of digging (10/24)
 G - a wand of digging (5/24)
 O - a wand of disintegration (19/24)
 P - a wand of disintegration (2/24)
 W - a wand of teleportation (4/9)
Scrolls
 c - a scroll of amnesia
 h - 5 scrolls of magic mapping
 o - 2 scrolls of fear
 p - 18 scrolls of teleportation
 w - 10 scrolls of immolation
 H - 7 scrolls of recharging
 J - 29 scrolls of remove curse
 M - 9 scrolls of fog
 Q - 5 scrolls of identify
Potions
 d - 10 potions of cure mutation
 i - 3 potions of flight
 k - 8 potions of ambrosia
 n - a potion of heal wounds
 q - 6 potions of resistance
 t - 16 potions of curing
 B - 4 potions of agility
 C - 4 potions of cancellation
 E - 2 potions of invisibility
 X - 6 potions of brilliance
Miscellaneous
 e - a fan of gales
 l - a phantom mirror
 r - a stone of tremors
 L - a lamp of fire
Comestibles
 g - a bread ration
 D - 18 meat rations
 Z - 4 royal jellies


   Skills:
 - Level 15.7 Fighting
   Level 5.0 Short Blades
 - Level 7.5 Armour
 - Level 9.0 Dodging
 - Level 5.0 Stealth
 - Level 15.0 Shields
 * Level 23.5 Spellcasting
 - Level 18.5 Conjurations
 - Level 6.1 Charms
 - Level 1.0 Summonings
 - Level 12.8 Translocations
 - Level 18.0 Fire Magic
 - Level 22.5 Ice Magic
   Level 10.9 Earth Magic


You had 7 spell levels left.
You knew the following spells:

 Your Spells              Type           Power        Failure   Level  Hunger
a - Fire Storm            Conj/Fire      #######...   1%          9    None
b - Glaciate              Conj/Ice       #########.   1%          9    None
c - Spellforged Servitor  Conj/Summ      #######...   1%          7    None
d - Orb of Destruction    Conj           ########..   1%          7    None
e - Lightning Bolt        Conj/Air       #######...   1%          5    None
f - Ring of Flames        Chrm/Fire      ######....   1%          7    None
g - Controlled Blink      Tloc           N/A          4%          8    None
h - Blink                 Tloc           N/A          0%          2    None
i - Shroud of Golubria    Chrm/Tloc      #######...   0%          2    None
j - Deflect Missiles      Chrm/Air       ######....   7%          6    None
k - Apportation           Tloc           ########..   0%          1    None
l - Regeneration          Chrm/Necr      ######....   1%          3    None


Dungeon Overview and Level Annotations

Branches:
Dungeon (15/15)            Temple (1/1) D:4            Lair (8/8) D:11
  Swamp (4/4) Lair:6       Spider (4/4) Lair:4        Slime (6/6) Lair:7
    Orc (2/2) D:10            Elf (3/3) Orc:2        Vaults (5/5) D:14
  Crypt (3/3) Vaults:3       Tomb (0/3) Crypt:3      Depths (5/5) D:15
    Zot (0/5) Depths:5

Altars:
Ashenzari
Cheibriados
Dithmenos
Elyvilon
Fedhas
Gozag
Kikubaaqudgha
Makhleb
Nemelex Xobeh
Okawaru
Pakellas
Qazlal
Ru
Sif Muna
Trog
Vehumet
Xom
Yredelemnul
Zin
The Shining One
Beogh
Jiyva

Shops:
D:7 [   D:10 (   D:13 =   D:15 ?(=:[=[?[=[   Orc:2 ?(:[   Elf:3 ==?:[
Vaults:2 }

Portals:
Hell: Depths:1 Depths:2 Depths:3 Depths:4 Depths:5
Abyss: Depths:3 Depths:4 Depths:5
Pandemonium: Depths:1 Depths:3 Depths:5

Annotations:
Orc:2 exclusion: upstairs
Elf:2 5 runed doors
Elf:3 exclusion: upstairs
Vaults:3 exclusion: upstairs
Depths:1 exclusion: downstairs
Pan Cerebov


Innate Abilities, Weirdness & Mutations

You have a pair of large antennae on your head (SInv).
You are completely covered in slimy green scales (AC +4, rPois).
Your flesh is cold resistant.
You are completely attuned to the shadows.
A frigid envelope surrounds you and freezes all who hurt you.
When hurt, damage is shared between your health and your magic reserves.
You regenerate magic rapidly.
When low on magic, you restore magic in place of health.
You are immune to freezing clouds.
You have sharp toenails.
You are frail (-10% HP).
You are resistant to electric shocks.
Your movements are slightly less encumbered by armour (ER -2).


Message History

Casting: Glaciate
Confirm with . or Enter, or press ? or * to list all spells.
Aiming: Glaciate
Press: ? - help, Shift-Dir - straight line, f - balrug
Aim: a balrug, wielding a demon whip You feel a surge of power!
You conjure a mighty blast of ice!
The great icy blast engulfs the balrug.
The balrug is frozen!
You kill the balrug!
Vehumet accepts your kill.
You feel your power returning.
The great icy blast engulfs the fire vortex.
The fire vortex is frozen!
The fire vortex dissipates!
The great icy blast engulfs Cerebov.
Cerebov is almost dead.
Cerebov shouts, "Crawl home, thou quaking beetle-headed bootlicker!"
Cerebov is flash-frozen.
Cerebov gestures at you.
A raging storm of fire appears!
The great blast of fire engulfs you!
You die...

.,,,,,,,,,,,,,,,,,,,,,,,,,,,,,,*
**,,,,,,,,,,,,,,,,,,,,,,,,,,,,,*
*,,,,,,,,,,,,,,,,,,,,,*****,,,*
*,**,,**,,**,,**,,**,,*,,,*,,,*
************************,,,*,,,*
,,,,,,,,,,,,,,,,,,,,,,,*,,,*,,,*
,*********************,+****,,,*
+****################*,,,**,,,,*
.,,,,#.4&.§§§§§§@....***,*,,,,,*
.*,*{#..#####&8§§.###***,**,,,,*
.....#..#,,,##§§§##,,,**,**,,,,*
§..#.#..#,,,,#§§§#,,,,**,*,,,,,*
§§...#..#,,,,§§§§.,,,,**,**,,,,*
§§§#.#..#,,,§§§§§§§,,,**,**,,,,*
§§§..'..#,,,,,,,,,,,,,**,*,,,,,*
§§§#.####+**,,,,,,,**+**,**,,,,*
§§...#,{*,,*,*,,,*,*,,**,**,,,,*


You could see Cerebov.

Vanquished Creatures
  the Royal Jelly (Slime:6)
  Dissolution (Slime:5)
  Lom Lobon (Pan)
  3 ancient liches
  Mennas (Pan)
  3 juggernauts
  6 greater mummies (Zig:16)
  Boris (Depths:3)
  Norris (Depths:2)
  8 Killer Klowns
  3 caustic shrikes (Depths:3)
  A curse toe (Crypt:3)
  the Enchantress (Depths:2)
  6 golden dragons
  Xtahua (Depths:3)
  2 Brimstone Fiends
  2 bone dragons (Zig:12)
  5 Tzitzimimeh (Pan)
  A profane servitor (Pan)
  3 iron giants
  2 tentacled monstrosities
  3 liches
  3 Ice Fiends (Pan)
  Jorgrun (Spider:2)
  A quicksilver dragon (Zig:15)
  6 deep elf blademasters
  6 deep elf master archers
  8 titans
  14 pandemonium lords
  An acid blob (shapeshifter) (Depths:4)
  24 acid blobs
  6 ancient champions
  4 shadow dragons
  2 sphinxes
  A warmonger (Pan)
  Agnes (Spider:2)
  4 storm dragons
  2 shadow dragons (shapeshifter)
  7 tengu reavers
  2 draconian monks (Depths:5)
  The ghost of dobroeutro the Warrior, an adept GrFi of Okawaru (Spider:3)
  4 thorn hunters
  7 greater nagas
  6 revenants
  12 azure jellies
  Maud (Orc:2)
  3 draconian knights
  5 frost giants
  6 fire giants
  8 deep elf sorcerers
  Louise (Swamp:1)
  6 emperor scorpions
  A frost giant (shapeshifter) (Zig:14)
  14 balrugs
  4 ghouls
  5 vault wardens
  A draconian zealot (Zig:3)
  A cacodemon (Pan)
  5 curse skulls
  7 deep elf elementalists
  2 iron dragons (Vaults:5)
  4 ghost moths
  5 reapers
  5 ironheart preservers
  3 orc warlords
  4 draconian annihilators
  5 spriggan defenders
  24 very ugly things
  2 bennus (Zig:16)
  26 stone giants
  Nessos (D:15)
  2 black draconians (Depths:5)
  A blood saint (Zig:11)
  2 starcursed masses
  12 deep elf demonologists
  Azrael (Spider:2)
  4 salamander stormcallers
  6 vampire knights
  2 chaos champions
  2 white draconians
  22 deep elf annihilators
  2 purple draconians
  7 dire elephants
  3 black suns
  5 spark wasps
  4 lorocyprocas
  5 eidola
  25 vault guards
  20 ettins
  2 blizzard demons (Pan)
  A merfolk impaler (Zig:7)
  8 deep elf death magi
  8 green deaths
  9 death oozes
  9 fire dragons
  7 mummy priests (Zig:16)
  A minotaur (Lab)
  17 yaktaur captains
  11 great orbs of eyes
  9 deep elf high priests
  The ghost of feelmyfire the Basher, a journeyman MiFi of Okawaru (D:9)
  Fannar (Lair:1)
  6 entropy weavers
  8 jiangshi
  5 naga warriors (Zig:15)
  19 hydras
  3 rakshasas
  10 ogre magi
  2 monstrous demonspawn (Pan)
  A ghost crab (shapeshifter) (Zig:14)
  Harold (Orc:1)
  11 ice dragons
  4 spriggan air magi
  A merfolk avatar (Zig:7)
  Erica (Orc:1)
  3 death knights
  4 centaur warriors
  4 catoblepae
  2 hell beasts (Pan)
  An anaconda (Lair:8)
  4 deep troll earth magi
  An alligator (Zig:10)
  10 deep troll shamans
  An anaconda (shapeshifter) (Zig:17)
  A death yak (shapeshifter) (Zig:17)
  5 dancing weapons (Zig:19)
  A hell hog (shapeshifter) (Depths:3)
  3 tengu warriors
  10 death yaks
  7 orc high priests
  9 naga sharpshooters
  A thrashing horror (Abyss:2)
  A shock serpent (shapeshifter) (Zig:14)
  10 spriggan berserkers
  10 spriggans
  8 vampire magi
  15 sun demons
  6 shock serpents
  13 soul eaters
  Nergalle (Lair:1)
  12 deep elf knights
  2 wretched stars (Zig:8)
  The ghost of feelmyfire the Basher, a novice MiFi of Okawaru (D:8)
  Urug (D:14)
  2 salamander mystics
  2 giant orange brains (shapeshifter)
  9 skeletal warriors
  3 iron trolls
  A fire crab (shapeshifter) (Zig:17)
  4 shadow wraiths
  20 hell knights
  8 flayed ghosts
  A cherub (Pan)
  3 death scarabs (Zig:16)
  5 wizards
  3 gelid demonspawn (Pan)
  2 unseen horrors
  3 infernal demonspawn
  A sea snake (Zig:7)
  5 shadow demons
  2 spriggan druids
  6 giant orange brains
  11 hill giants
  18 deep trolls
  12 swamp dragons
  4 torturous demonspawn
  2 naga ritualists (Zig:15)
  2 deep trolls (shapeshifter)
  2 shambling mangroves (Swamp:4)
  An obsidian statue (Zig:2)
  7 ironbrand convokers
  2 anubis guards (Zig:16)
  15 deep elf archers
  3 putrid demonspawn (Pan)
  9 phantasmal warriors
  8 orc knights
  5 harpies (Zig:7)
  A wolf spider (shapeshifter) (Zig:17)
  2 mana vipers (Zig:15)
  11 necromancers
  4 griffons
  7 shining eyes
  An orb spider (shapeshifter) (Zig:14)
  10 cyclopes
  30 wolf spiders
  55 deep elf magi
  7 hornets
  9 orc sorcerers
  3 manticores
  6 oklob plants
  16 orb spiders
  41 ugly things
  4 sixfirhies
  A toenail golem (Volcano)
  6 naga magi
  5 fauns (Zig:13)
  A fire giant zombie (Crypt:1)
  A stone giant skeleton (Crypt:1)
  7 salamanders
  2 worldbinders (Abyss:2)
  3 centaur zombies
  3 moths of wrath
  2 sirens (Zig:7)
  A frost giant skeleton (Vaults:4)
  11 vault sentinels
  2 guardian serpents (Zig:15)
  12 smoke demons
  3 torpor snails
  A moth of wrath (shapeshifter) (Zig:14)
  2 elephants (shapeshifter)
  2 molten gargoyles (Volcano)
  An octopode (shapeshifter) (Zig:19)
  Psyche (D:8)
  29 elephants
  4 eyes of devastation
  A gargoyle (Volcano)
  13 black mambas
  2 ice statues (IceCv)
  3 apocalypse crabs
  7 orange demons (Pan)
  7 komodo dragons
  9 spiny frogs
  A redback zombie (Crypt:2)
  4 rime drakes
  A rime drake (shapeshifter) (Vaults:5)
  A hellion (Pan)
  8 freezing wraiths
  2 ice devils
  A purple draconian zombie (Crypt:3)
  3 efreet
  53 yaktaurs
  A queen bee (Depths:3)
  A kobold demonologist (D:13)
  13 hellwings (Pan)
  11 trolls
  A white draconian skeleton (Crypt:3)
  A komodo dragon (shapeshifter) (Zig:8)
  16 demonic crawlers
  9 guardian mummies
  A queen bee (shapeshifter) (Vaults:5)
  A minotaur zombie (Lab)
  An entropy weaver zombie (Crypt:1)
  A polar bear (Lair:2)
  2 tormentors
  A merfolk (shapeshifter) (Vaults:4)
  3 tengu conjurers
  An ancient zyme (Zig:8)
  3 giant leeches
  5 merfolk (Zig:7)
  31 jumping spiders
  A wind drake (shapeshifter) (Depths:4)
  8 red devils
  23 blink frogs
  A sphinx simulacrum (Vaults:2)
  9 bog bodies
  110 slime creatures
  8 ushabtiu (Zig:16)
  2 raiju
  18 two-headed ogres
  A snapping turtle (Zig:7)
  Grinder (D:6)
  3 boulder beetles
  5 flying skulls
  2 centaur simulacra
  A spriggan (shapeshifter) (Vaults:2)
  10 wraiths
  A shadow (D:11)
  17 tarantellas
  4 air elementals
  12 ynoxinuls
  72 redbacks
  A tarantella (shapeshifter) (Vaults:5)
  A human (D:8)
  11 hippogriffs
  12 water elementals
  7 wyverns
  5 vampires
  11 fire elementals
  7 basilisks
  2 neqoxecs
  2 steam dragons
  66 yaks
  8 golden eyes
  7 chaos spawn
  An elf simulacrum (Zig:16)
  A steam dragon (shapeshifter) (Depths:3)
  A swamp worm (shapeshifter) (Zig:14)
  5 hungry ghosts
  12 vampire mosquitoes
  3 mottled dragons
  19 insubstantial wisps
  A faun zombie (Crypt:2)
  A putrid demonspawn zombie (Crypt:2)
  12 large abominations
  12 swamp worms
  6 wargs
  2 hell hounds (shapeshifter)
  2 nagas (Zig:15)
  9 water moccasins
  A giant eyeball (Depths:3)
  A soldier ant (D:13)
  A giant eyeball (shapeshifter) (Zig:17)
  4 porcupines
  3 hell hounds (Spider:2)
  8 black bears
  19 ice beasts
  13 swamp drakes
  3 sky beasts
  An elf zombie (Vaults:4)
  13 wasps
  An ettin simulacrum (Vaults:3)
  9 eyes of draining
  50 orc warriors
  4 phantoms
  A human skeleton (Vaults:4)
  5 necrophages
  54 ogres
  18 crocodiles
  12 wolves
  11 boggarts
  17 centaurs
  2 big kobolds
  A dryad zombie (Crypt:3)
  3 earth elementals
  2 wyvern zombies
  A yaktaur skeleton (Crypt:2)
  18 giant frogs
  A hell hound skeleton (Crypt:2)
  10 scorpions
  A yak zombie (Crypt:3)
  A boulder beetle zombie (Crypt:2)
  A shapeshifter zombie (Crypt:3)
  A water moccasin skeleton (D:6)
  15 killer bees (Depths:3)
  15 wights
  6 howler monkeys
  3 electric eels
  10 crimson imps
  2 quasits
  3 giant frog zombies
  14 hounds
  36 jellies
  7 centaur skeletons
  2 giant frog skeletons
  16 orc wizards
  37 orc priests
  6 iguanas
  13 worker ants
  2 hell rats (Lair:3)
  A lightning spire (Zig:19)
  9 small abominations (Abyss:2)
  5 sheep
  A killer bee zombie (D:10)
  A mottled dragon skeleton (Crypt:2)
  A hound zombie (D:6)
  18 mummies
  A worker ant zombie (D:11)
  3 gnolls (D:4)
  A gnoll (shapeshifter) (Vaults:5)
  15 adders
  58 river rats
  5 shadow imps
  A white imp (Abyss:2)
  An ufetubus (Abyss:2)
  An ooze (D:3)
  An adder skeleton (D:4)
  3 adder zombies
  12 ball lightnings (Pan)
  A dart slug (D:1)
  9 giant geckos
  132 orcs
  4 bats
  7 giant cockroaches
  10 hobgoblins
  13 jackals
  13 kobolds
  9 quokkas
  2 giant cockroach zombies
  A giant gecko skeleton (D:4)
  A giant gecko zombie (D:7)
  7 giant newts
  3 goblins
  A goblin skeleton (Crypt:3)
  A hobgoblin zombie (Crypt:3)
  A jackal skeleton (D:4)
  2 quokka zombies (D:6)
  16 rats
  11 blocks of ice
  36 fire vortices
  7 fungi
  A lost soul (Crypt:3)
  15 plants
  12 spectral weapons
2930 creatures vanquished.

Vanquished Creatures (collateral kills)
  A caustic shrike (Depths:3)
  A tentacled monstrosity (Depths:3)
  A titan (Depths:5)
  2 sphinxes (Vaults:3)
  A vault warden (Vaults:3)
  A frost giant (Depths:2)
  Aizul (Depths:3)
  2 emperor scorpions (Spider:4)
  A spriggan defender (Depths:2)
  2 ironheart preservers
  8 very ugly things
  3 stone giants
  A juggernaut skeleton (Depths:3)
  A purple draconian (Depths:5)
  2 deep elf annihilators
  A spark wasp (Depths:3)
  2 vault guards (Vaults:5)
  A jiangshi (Crypt:1)
  7 ettins
  2 yaktaur captains
  A fire dragon (Depths:3)
  An entropy weaver (Depths:4)
  2 spriggan air magi
  A centaur warrior (D:14)
  A death knight (Vaults:5)
  An ogre mage (Depths:3)
  A deep troll shaman (Depths:3)
  A death yak (Depths:4)
  2 deep troll earth magi
  A vampire mage (Depths:1)
  3 spriggan berserkers
  2 iron trolls
  A titan skeleton (Depths:3)
  A sun demon (Depths:2)
  4 hell knights
  A storm dragon skeleton (Depths:3)
  3 skeletal warriors
  A torturous demonspawn (Depths:5)
  A flayed ghost (Crypt:3)
  4 deep trolls
  A necromancer (Depths:3)
  A fire giant zombie (Depths:3)
  5 ugly things
  A wolf spider (Spider:4)
  A deep elf mage (Depths:3)
  A griffon (Vaults:5)
  An orc sorcerer (Depths:3)
  An elf zombie (Zig:16)
  A vault sentinel (Vaults:4)
  A centaur skeleton (D:13)
  3 yaktaurs
  A hellwing (Pan)
  A jumping spider (Spider:1)
  A tengu simulacrum (Depths:3)
  3 two-headed ogres
  A bog body (Crypt:3)
  2 tarantellas
  3 water elementals (Depths:3)
  4 redbacks
  A vampire (Vaults:3)
  A swamp worm (shapeshifter) (Depths:3)
  An orc warrior (Vaults:3)
  A snapping turtle zombie (Crypt:1)
  2 centaurs (D:14)
  2 ogres
  A hell hound zombie (Crypt:2)
  4 killer bees (Depths:3)
  5 wights
  A basilisk zombie (Crypt:3)
  2 human simulacra (Vaults:4)
  An orc priest (Depths:3)
  A worker ant (D:4)
  5 mummies
  3 ball lightnings (Pan)
  A giant gecko (D:2)
  A block of ice (Zig:8)
140 creatures vanquished.

Vanquished Creatures (others)
  A sphinx (Depths:3)
  A deep elf elementalist (Elf:3)
  Josephine (D:14)
  An ice dragon (D:3)
  A centaur warrior (D:15)
  7 dancing weapons
  A manticore (D:15)
  A moth of wrath (Spider:1)
  A hell hound (Spider:2)
  22 ball lightnings (Pan)
  409 blocks of ice
  A demonic plant (Pan)
  431 fire vortices
  2 fungi
  3 plants
  18 spectral weapons
901 creatures vanquished.

Grand Total: 3971 creatures vanquished

Notes
Turn   | Place    | Note
--------------------------------------------------------------
     0 | D:1      | Chiseanne the Demonspawn Wizard began the quest for the Orb.
     0 | D:1      | Reached XP level 1. HP: 13/13 MP: 4/4
   325 | D:1      | Gained mutation: You are partially covered in slimy green scales (AC +2). [demonic ancestry]
   325 | D:1      | Reached XP level 2. HP: 19/19 MP: 1/6
  1380 | D:2      | Learned a level 2 spell: Blink
  1383 | D:2      | Learned a level 2 spell: Repel Missiles
  1566 | D:2      | Gained mutation: You are mostly covered in slimy green scales (AC +3). [demonic ancestry]
  1566 | D:2      | Reached XP level 3. HP: 24/24 MP: 1/7
  1976 | D:2      | Found a basalt altar of Yredelemnul.
  2172 | D:2      | Learned a level 3 spell: Mephitic Cloud
  2781 | D:3      | Reached skill level 4 in Spellcasting
  2781 | D:3      | Gained mutation: When hurt, damage is shared between your health and your magic reserves. [demonic ancestry]
  2781 | D:3      | Reached XP level 4. HP: 30/30 MP: 2/10
  2949 | D:3      | Found an oddly glowing altar of Pakellas.
  2949 | D:3      | Noticed an ice dragon
  2965 | D:3      | Killed an ice dragon
  2988 | D:3      | Found a sparkling altar of Nemelex Xobeh.
  3294 | D:3      | Found a deep blue altar of Sif Muna.
  3306 | D:3      | Found a burning altar of Makhleb.
  3439 | D:4      | Noticed a centaur
  3799 | D:4      | Reached XP level 5. HP: 35/35 MP: 5/11
  3807 | D:4      | Killed a centaur
  4004 | D:4      | Found a bloodstained altar of Trog.
  4016 | D:4      | Found a staircase to the Ecumenical Temple.
  4032 | D:4      | Noticed an ogre
  4038 | D:4      | Killed an ogre
  4038 | D:4      | Reached skill level 5 in Spellcasting
  4038 | D:4      | Gained mutation: You regenerate magic rapidly. [demonic ancestry]
  4038 | D:4      | Reached XP level 6. HP: 41/41 MP: 6/13
  4076 | Temple   | Entered the Ecumenical Temple
  4618 | D:4      | Found a white marble altar of Elyvilon.
  5213 | D:5      | Entered Level 5 of the Dungeon
  5288 | D:5      | Reached skill level 5 in Conjurations
  5358 | D:5      | Reached XP level 7. HP: 46/46 MP: 8/15
  5702 | D:5      | Found a shimmering altar of Xom.
  5776 | D:5      | Got an encrusted ring mail
  5802 | D:5      | Reached skill level 6 in Spellcasting
  6349 | D:5      | Found a shadowy altar of Dithmenos.
  6394 | D:5      | Learned a level 3 spell: Conjure Flame
  6593 | D:6      | Identified the +1 ring mail of Huesesel {Str+3 Stlth+} (You found it on level 5 of the Dungeon)
  6632 | D:6      | Gained mutation: When low on magic, you restore magic in place of health. [demonic ancestry]
  6632 | D:6      | Reached XP level 8. HP: 40/52 MP: 7/18
  6701 | D:6      | Found an opulent altar of Gozag.
  6720 | D:6      | Became a worshipper of Gozag Ym Sagoz the Greedy
  6770 | D:6      | Noticed Grinder
  6897 | D:6      | Reached skill level 1 in Armour
  6989 | D:6      | Reached skill level 7 in Spellcasting
  7409 | D:6      | Found a shattered altar of Ashenzari.
  8156 | D:6      | Reached XP level 9. HP: 57/57 MP: 18/20
  8548 | D:6      | Reached skill level 8 in Spellcasting
  8793 | D:6      | Paralysed by Grinder for 3 turns
  9367 | D:7      | Reached skill level 5 in Armour
  9782 | D:7      | Bought the +2 robe of vines {NoDeviceHeal Regen+7} for 247 gold pieces
 10168 | D:8      | Found a sacrificial altar of Ru.
 10183 | D:8      | Reached skill level 1 in Fighting
 10231 | D:8      | Got a slimy falchion
 10420 | D:8      | Found a blossoming altar of Fedhas.
 10471 | D:8      | Found a glowing silver altar of Zin.
 10531 | D:8      | Noticed Psyche
 10537 | D:8      | Killed Psyche
 10537 | D:8      | Gained mutation: You are slightly more attuned to the shadows. [demonic ancestry]
 10537 | D:8      | Reached XP level 10. HP: 67/67 MP: 20/22
 10596 | D:8      | Found an iron altar of Okawaru.
 10610 | D:8      | Noticed feelmyfire's ghost (novice MiFi)
 10632 | D:8      | Killed feelmyfire's ghost
 10632 | D:8      | Reached skill level 9 in Spellcasting
 11203 | D:9      | Gained mutation: Your movements are slightly less encumbered by armour (ER -2). [potion of beneficial mutation]
 11379 | D:7      | Bought the +1 helmet of Alikofof {rElec Str+3 Int+4} for 534 gold pieces
 11541 | D:9      | Noticed feelmyfire's ghost (journeyman MiFi)
 11558 | D:9      | Killed feelmyfire's ghost
 11764 | D:9      | Found a glowing golden altar of the Shining One.
 11868 | D:9      | Reached skill level 10 in Conjurations
 11937 | D:9      | Reached skill level 5 in Dodging
 12335 | D:7      | Bought a +0 pair of boots of flying for 161 gold pieces
 12401 | D:10     | Entered Level 10 of the Dungeon
 12547 | D:10     | Gained mutation: You are significantly more attuned to the shadows. [demonic ancestry]
 12547 | D:10     | Reached XP level 11. HP: 78/78 MP: 24/24
 12558 | D:10     | Noticed a hill giant
 12572 | D:10     | Killed a hill giant
 12572 | D:10     | Reached skill level 5 in Fighting
 13128 | D:10     | Reached skill level 10 in Spellcasting
 13539 | D:10     | Found a staircase to the Orcish Mines.
 13637 | D:10     | You are sucked into a shaft!
 13650 | D:11     | Found a portal to a secret trove of treasure.
 13681 | D:11     | Identified the +8 falchion of Baits {slice, Int+2} (You found it on level 8 of the Dungeon)
 13714 | D:11     | Noticed a hill giant
 13731 | D:11     | Killed a hill giant
 13851 | D:7      | Bought a +0 helmet of see invisible for 161 gold pieces
 13973 | D:11     | Learned a level 3 spell: Regeneration
 14265 | D:11     | Found a staircase to the Lair.
 15600 | D:12     | Noticed a hill giant
 15613 | D:12     | Killed a hill giant
 15897 | D:13     | Noticed a hill giant
 15907 | D:13     | Noticed a catoblepas
 15932 | D:13     | Killed a hill giant
 16228 | D:13     | Noticed an unseen horror
 16268 | D:13     | Noticed a hill giant
 16517 | D:13     | Gained mutation: You have a pair of small antennae on your head. [demonic ancestry]
 16517 | D:13     | Reached XP level 12. HP: 91/91 MP: 26/26
 16593 | D:13     | Noticed a six-headed hydra
 16682 | D:13     | Reached skill level 5 in Stealth
 16958 | D:13     | Killed a catoblepas
 16958 | D:13     | Reached skill level 11 in Spellcasting
 17029 | D:13     | Learned a level 3 spell: Spectral Weapon
 17326 | D:13     | Noticed a centaur warrior
 17358 | D:13     | Killed a centaur warrior
 17575 | D:14     | Noticed Josephine
 17626 | D:13     | Killed a six-headed hydra
 17644 | D:13     | Bought the ring of Erituez {+Inv Dex+4 SInv} for 598 gold pieces
 17644 | D:13     | Bought a cursed ring of teleportation for 72 gold pieces
 17772 | D:14     | Found a gate to the Vaults.
 17859 | D:14     | Noticed Urug
 17877 | D:14     | Killed Urug
 17963 | D:14     | Found an opulent altar of Gozag.
 17963 | D:14     | Noticed a four-headed hydra
 17975 | D:14     | Killed a four-headed hydra
 18127 | D:14     | Noticed a catoblepas
 18296 | D:14     | Noticed a tengu warrior
 18324 | D:14     | Killed a tengu warrior
 18357 | D:14     | Killed a catoblepas
 18385 | D:14     | Reached XP level 13. HP: 92/101 MP: 23/28
 18532 | D:14     | Reached skill level 12 in Spellcasting
 18739 | D:14     | Killed Josephine
 19021 | D:14     | Reached skill level 1 in Shields
 19190 | D:15     | Entered Level 15 of the Dungeon
 19236 | D:15     | Noticed Nessos
 19246 | D:15     | Found a labyrinth entrance.
 19253 | Lab      | Entered a labyrinth
 19520 | Lab      | Noticed a minotaur
 19563 | Lab      | Killed a minotaur
 19575 | Lab      | Got a warped crystal amulet
 19582 | Lab      | Identified a +3 rod of clouds (12/12) (You found it in a labyrinth)
 19590 | Lab      | Got a transparent falchion
 19590 | Lab      | Got a faintly humming chain mail
 19590 | Lab      | Got a scorched fire dragon armour
 19789 | D:15     | Found a snail-covered altar of Cheibriados.
 19827 | D:15     | Killed Nessos
 20422 | D:15     | Reached skill level 5 in Shields
 20468 | D:15     | Found a staircase to the Depths.
 20501 | D:15     | Learned a level 6 spell: Bolt of Fire
 20504 | D:15     | Learned a level 2 spell: Shroud of Golubria
 20707 | Orc:1    | Entered Level 1 of the Orcish Mines
 20716 | Orc:1    | Noticed Harold
 20732 | Orc:1    | Noticed Erica
 20775 | Orc:1    | Killed Erica
 20782 | Orc:1    | Killed Harold
 21043 | Orc:2    | Entered Level 2 of the Orcish Mines
 21726 | D:7      | Bought a +2 hat of magic resistance for 294 gold pieces
 21928 | Orc:2    | Found a roughly hewn altar of Beogh.
 21962 | Orc:2    | Noticed an orc warlord
 21997 | Orc:2    | Killed an orc warlord
 22159 | Orc:2    | Found Reig's Book Boutique.
 22210 | Orc:2    | Found Dyci's Armour Shop.
 22238 | Orc:2    | Bought the +1 pair of gloves of the Comet {rN+} for 289 gold pieces
 22395 | Orc:2    | Noticed Maud
 22441 | Orc:2    | Killed Maud
 22658 | Orc:2    | Found a staircase to the Elven Halls.
 23052 | Orc:2    | Noticed an orc warlord
 23117 | Orc:2    | Killed an orc warlord
 23117 | Orc:2    | Gained mutation: You have a pair of antennae on your head. [demonic ancestry]
 23117 | Orc:2    | Reached XP level 14. HP: 106/109 MP: 21/30
 23154 | Orc:2    | Found Ejovik's Antique Weapon Emporium.
 23181 | Orc:2    | Bought a crude trident for 161 gold pieces
 23310 | Orc:2    | Found a roughly hewn altar of Beogh.
 23339 | Orc:2    | Reached skill level 5 in Short Blades
 23374 | Orc:2    | Reached skill level 13 in Spellcasting
 23447 | Orc:2    | Found Hudablau's Magic Scroll Boutique.
 23480 | Orc:2    | Bought a scroll of remove curse for 42 gold pieces
 23480 | Orc:2    | Bought a scroll of torment for 105 gold pieces
 23480 | Orc:2    | Bought a scroll of teleportation for 42 gold pieces
 23480 | Orc:2    | Bought a scroll of amnesia for 49 gold pieces
 23480 | Orc:2    | Bought a scroll of remove curse for 42 gold pieces
 23480 | Orc:2    | Bought a scroll of enchant armour for 105 gold pieces
 23480 | Orc:2    | Bought a scroll of enchant armour for 105 gold pieces
 24013 | D:15     | Identified the amulet of Susud {RegenMP MR+ Int+5} (You found it in a labyrinth)
 24162 | Lair:1   | Entered Level 1 of the Lair of Beasts
 24217 | Lair:1   | Noticed Nergalle
 24265 | Lair:1   | Killed Nergalle
 24328 | Lair:1   | Identified a scroll of acquirement
 24330 | Lair:1   | Chiseanne: *dances*
 24352 | Lair:1   | Noticed Fannar
 24383 | Lair:1   | Killed Fannar
 25075 | Lair:2   | Found a frozen archway.
 25086 | IceCv    | Entered an ice cave
 25509 | IceCv    | Got a crude amethyst amulet
 25635 | Lair:2   | Found a dark tunnel.
 25653 | Volcano  | Entered a volcano
 25772 | Volcano  | Found a bloodstained altar of Trog.
 28192 | Lair:4   | Found a hole to the Spider Nest.
 28279 | Lair:4   | Reached skill level 14 in Spellcasting
 28389 | Lair:4   | Got a pitted mace
 29409 | Lair:5   | Gained mutation: You are completely covered in slimy green scales (AC +4, rPois). [demonic ancestry]
 29409 | Lair:5   | Reached XP level 15. HP: 110/115 MP: 16/33
 30315 | Lair:6   | Found a staircase to the Swamp.
 30549 | Lair:8   | Entered Level 8 of the Lair of Beasts
 30638 | Lair:8   | Reached skill level 15 in Spellcasting
 30658 | Lair:8   | Reached skill level 5 in Fire Magic
 30658 | Lair:8   | Gained mutation: You have a pair of large antennae on your head (SInv). [demonic ancestry]
 30658 | Lair:8   | Reached XP level 16. HP: 121/121 MP: 35/35
 30954 | Lair:8   | Identified the +7 mace of Biretwes {vamp, rF+ rN+} (You found it on level 4 of the Lair of Beasts)
 31379 | Lair:8   | Got an encrusted trident
 31437 | Lair:8   | Got a pair of smoking boots
 31452 | Lair:8   | Identified the +4 pair of boots "Deip" {MR+ Dex+3 Stlth+} (You found it on level 8 of the Lair of Beasts)
 31714 | Lair:7   | Got a polished falchion
 31715 | Lair:7   | Identified the +8 trident "Qeuxom" {flame, SInv} (You found it on level 8 of the Lair of Beasts)
 31804 | Lair:6   | Learned a level 5 spell: Iskenderun's Battlesphere
 32070 | Orc:2    | Bought a book of the Tempests for 910 gold pieces
 32070 | Orc:2    | Bought a book of Party Tricks for 650 gold pieces
 32070 | Orc:2    | Bought a book of Annihilations for 1435 gold pieces
 32085 | Orc:2    | Learned a level 1 spell: Apportation
 32091 | Orc:2    | Learned a level 5 spell: Fireball
 32098 | Orc:2    | Learned a level 5 spell: Lightning Bolt
 33287 | D:15     | Bought a warped buckler for 228 gold pieces
 33287 | D:15     | Bought a runed shield for 108 gold pieces
 33287 | D:15     | Bought a pair of embroidered boots for 108 gold pieces
 33354 | D:15     | Bought a scroll of identify for 26 gold pieces
 33354 | D:15     | Bought a scroll of identify for 26 gold pieces
 33354 | D:15     | Bought a scroll of acquirement for 676 gold pieces
 33354 | D:15     | Bought a scroll of identify for 26 gold pieces
 33354 | D:15     | Bought a scroll of identify for 26 gold pieces
 33354 | D:15     | Bought a scroll of identify for 26 gold pieces
 33354 | D:15     | Bought a scroll of recharging for 123 gold pieces
 33354 | D:15     | Bought a scroll of magic mapping for 45 gold pieces
 33354 | D:15     | Bought a scroll of immolation for 45 gold pieces
 33361 | D:15     | Identified the +2 buckler of Ulaatien {Int-5 Dex+7} (You bought it in a shop on level 15 of the Dungeon)
 33365 | D:15     | Identified the amulet "Ricariz" {Spirit Str+4 SInv} (You found it in an ice cave)
 33370 | D:15     | Identified the +8 trident of Armageddon {flame, Dex+4} (You bought it in a shop on level 2 of the Orcish Mines)
 33371 | D:15     | Identified the +4 falchion of Suityf {slice, Str+2 Int+2} (You found it in a labyrinth)
 33372 | D:15     | Identified the +11 falchion "Votuzaapn" {slice, Int+4} (You found it on level 7 of the Lair of Beasts)
 33408 | D:15     | Learned a level 9 spell: Fire Storm
 33624 | Elf:1    | Entered Level 1 of the Elven Halls
 33713 | Elf:1    | Reached skill level 16 in Spellcasting
 33741 | Elf:1    | Reached XP level 17. HP: 108/127 MP: 13/37
 33773 | Elf:2    | Reached skill level 15 in Conjurations
 34105 | Elf:2    | Found a huge runed gate.
 34109 | Elf:2    | Found a huge runed gate.
 34109 | Elf:2    | Found a huge runed gate.
 34115 | Elf:2    | Found a huge runed gate.
 34115 | Elf:2    | Found a huge runed gate.
 34354 | Elf:3    | Entered Level 3 of the Elven Halls
 34382 | Elf:3    | Found Ticuv's Armour Boutique.
 34409 | Elf:3    | Found Dentep's Book Emporium.
 34422 | Elf:3    | Found Sise Ofenuq's Magic Scroll Shoppe.
 34428 | Elf:3    | Bought a scroll of identify for 26 gold pieces
 34428 | Elf:3    | Bought a scroll of amnesia for 45 gold pieces
 34428 | Elf:3    | Bought a scroll of teleportation for 39 gold pieces
 34428 | Elf:3    | Bought a scroll of blinking for 97 gold pieces
 34490 | Elf:3    | Found Jeivathro's Jewellery Boutique.
 34532 | Elf:3    | Found Kuacur Bige's Jewellery Emporium.
 34577 | Elf:2    | Cast into level 2 of the Abyss (dire flail of distortion)
 35153 | Elf:2    | Escaped the Abyss
 35334 | Elf:3    | Noticed a deep elf blademaster
 35335 | Elf:3    | Noticed a deep elf blademaster
 35360 | Elf:3    | Noticed a deep elf blademaster
 35365 | Elf:3    | Killed a deep elf blademaster
 35365 | Elf:3    | Reached skill level 17 in Spellcasting
 35479 | Elf:3    | Killed a deep elf blademaster
 35506 | Elf:3    | Noticed a deep elf master archer
 35515 | Elf:3    | Killed a deep elf master archer
 35550 | Elf:3    | Reached XP level 18. HP: 134/134 MP: 11/39
 35563 | Elf:3    | Reached skill level 10 in Fire Magic
 35645 | Elf:3    | Reached skill level 18 in Spellcasting
 35833 | Elf:3    | Got a pitted ivory ring
 35841 | Elf:3    | Identified a +1 rod of ignition (14/14) (You found it on level 3 of the Elven Halls)
 35856 | Elf:3    | Learned a level 7 spell: Orb of Destruction
 35861 | Elf:3    | Got a pitted graven amulet
 35898 | Elf:3    | Got a pitted golden ring
 35899 | Elf:3    | Got a translucent short sword {vamp}
 35927 | Elf:3    | Identified the Incunabulum of the Hurtful Oath
 35932 | Elf:3    | Identified the ring "Uckedum" {Ice rPois rN+++ MP-9 Int+7} (You found it on level 3 of the Elven Halls)
 35933 | Elf:3    | Identified the ring "Xamaol" {rCorr rElec Str+2 Int+4} (You took it off a deep elf annihilator on level 3 of the Elven Halls)
 35973 | Elf:3    | Identified the Papyrus of Venom
 36379 | D:15     | Learned a level 7 spell: Spellforged Servitor
 36679 | Swamp:1  | Entered Level 1 of the Swamp
 36679 | Swamp:1  | Noticed Louise
 36692 | Swamp:1  | Killed Louise
 37504 | Swamp:1  | Got a transparent large shield
 37934 | Swamp:4  | Entered Level 4 of the Swamp
 38069 | Swamp:4  | Reached skill level 10 in Shields
 38215 | Swamp:4  | Got a decaying rune of Zot
 38419 | Spider:1 | Entered Level 1 of the Spider Nest
 38444 | Spider:1 | Gained mutation: You are completely attuned to the shadows. [demonic ancestry]
 38444 | Spider:1 | Reached XP level 19. HP: 129/140 MP: 7/41
 38648 | Spider:2 | Noticed Jorgrun
 38726 | Spider:2 | Noticed Azrael
 38728 | Spider:2 | Killed Azrael
 38741 | Spider:2 | Killed Jorgrun
 38979 | Spider:2 | Noticed Agnes
 38989 | Spider:2 | Killed Agnes
 39351 | Spider:3 | Noticed dobroeutro's ghost (adept GrFi)
 39393 | Spider:3 | Killed dobroeutro's ghost
 39415 | Spider:4 | Entered Level 4 of the Spider Nest
 39801 | Spider:4 | Got a gossamer rune of Zot
 40101 | Vaults:1 | Entered Level 1 of the Vaults
 40431 | Vaults:2 | Identified the +5 large shield of the Sky {rN+ rCorr Int+3 Stlth-} (You took it off Louise on level 1 of the Swamp)
 40511 | Vaults:2 | Found Ypnie's Gadget Boutique.
 40573 | Vaults:2 | Reached skill level 15 in Shields
 40771 | Vaults:2 | You fall through a shaft for 2 floors!
 40791 | Vaults:3 | Reached XP level 20. HP: 146/146 MP: 31/42
 40968 | Vaults:3 | Found a staircase to the Crypt.
 41430 | D:15     | Identified the amulet "Xaodofoeru" {RegenMP +Blink Dex+3} (You found it on level 3 of the Elven Halls)
 41451 | Depths:1 | Entered Level 1 of the Depths
 41518 | Depths:1 | Found a one-way gate leading to the halls of Pandemonium.
 41792 | D:15     | Bought an uncursed ring of flight for 350 gold pieces
 41795 | D:15     | Bought a scroll of teleportation for 33 gold pieces
 41795 | D:15     | Bought 2 scrolls of blinking for 165 gold pieces
 41795 | D:15     | Bought a scroll of acquirement for 572 gold pieces
 41795 | D:15     | Bought a scroll of identify for 22 gold pieces
 41795 | D:15     | Bought a scroll of acquirement for 572 gold pieces
 41795 | D:15     | Bought a scroll of identify for 22 gold pieces
 41795 | D:15     | Bought a scroll of blinking for 82 gold pieces
 41795 | D:15     | Bought a scroll of fog for 22 gold pieces
 41795 | D:15     | Bought a scroll of magic mapping for 38 gold pieces
 41795 | D:15     | Bought a scroll of identify for 22 gold pieces
 41799 | D:15     | Bought a wizard robe for 250 gold pieces
 41799 | D:15     | Bought a shiny large shield for 198 gold pieces
 41799 | D:15     | Bought a jewelled shield for 418 gold pieces
 41833 | D:15     | Identified the cursed +0 robe of the Orange Skies {MR+} (You bought it in a shop on level 15 of the Dungeon)
 41834 | D:15     | Identified the cursed -5 shield "Qanohua" {rC++ MR- Slay+5} (You bought it in a shop on level 15 of the Dungeon)
 41843 | D:15     | Identified the cursed +1 short sword "Eguaj" {vamp, *Drain *Confuse Str+8} (You took it off a deep elf annihilator on level 3 of the Elven Halls)
 41856 | D:15     | Bought a pair of distressingly furry gloves for 256 gold pieces
 41856 | D:15     | Bought a faintly humming shield for 256 gold pieces
 41871 | D:15     | Identified the +1 pair of gloves of the Sun {rF+} (You bought it in a shop on level 15 of the Dungeon)
 41937 | D:15     | Identified the +5 shield "Vomas" {Dex+3} (You bought it in a shop on level 15 of the Dungeon)
 41982 | D:15     | Identified the +1 chain mail of Calculation {SInv} (You found it in a labyrinth)
 41992 | D:15     | Identified the cursed +0 fire dragon armour "Plog" {rF++ rC- Int+4} (You found it in a labyrinth)
 42389 | Elf:3    | Bought a scroll of enchant armour for 97 gold pieces
 42389 | Elf:3    | Bought a scroll of enchant armour for 97 gold pieces
 42389 | Elf:3    | Bought a scroll of immolation for 45 gold pieces
 42933 | Depths:1 | Found an iron altar of Okawaru.
 43567 | Depths:1 | Found a gateway to Hell.
 43800 | Depths:2 | Noticed Norris
 43804 | Depths:2 | Noticed an iron giant
 43806 | Depths:2 | Killed Norris
 43817 | Depths:2 | Noticed the Enchantress
 44044 | Depths:2 | Reached XP level 21. HP: 152/152 MP: 15/43
 44249 | Depths:2 | Killed an iron giant
 44249 | Depths:2 | Reached skill level 15 in Fire Magic
 44324 | Depths:2 | Killed the Enchantress
 44330 | Depths:2 | Got a faerie dragon armour
 44377 | Depths:2 | Identified the +0 faerie dragon armour {rPois rC+} (You took it off the Enchantress on level 2 of the Depths)
 45068 | Depths:3 | Noticed Xtahua
 45084 | Depths:3 | Killed Xtahua
 45299 | Depths:3 | Noticed a caustic shrike
 45305 | Depths:3 | Killed a caustic shrike
 45307 | Depths:3 | Noticed a caustic shrike
 45310 | Depths:3 | Killed a caustic shrike
 45371 | Depths:3 | Noticed Aizul
 45385 | Depths:3 | Killed Aizul
 45432 | Depths:3 | Found a runed door.
 45550 | Depths:3 | Reached skill level 19 in Spellcasting
 45678 | Depths:3 | Noticed Boris
 45720 | Depths:3 | Killed Boris
 45890 | Depths:3 | Noticed a caustic shrike
 45894 | Depths:3 | Killed a caustic shrike
 46062 | Depths:3 | Gained mutation: Your flesh is cold resistant. [demonic ancestry]
 46062 | Depths:3 | Reached XP level 22. HP: 144/159 MP: 16/45
 46258 | Depths:3 | Noticed a caustic shrike
 46263 | Depths:3 | Killed a caustic shrike
 46340 | Depths:3 | Noticed a golden dragon
 46342 | Depths:3 | Killed a golden dragon
 46886 | D:11     | You paid a toll of a +6 demon whip to enter a treasure trove
 46887 | Trove    | Entered a treasure trove
 47150 | D:15     | Bought a brightly glowing robe for 199 gold pieces
 47150 | D:15     | Bought a warped shield for 332 gold pieces
 47150 | D:15     | Bought an embroidered cloak for 157 gold pieces
 47150 | D:15     | Bought a smelly ring mail for 315 gold pieces
 47164 | D:15     | Identified the cursed +0 robe "Gaaske" {rF+++ Regen+ Int-4} (You bought it in a shop on level 15 of the Dungeon)
 47178 | D:15     | Identified the +8 ring mail "Dagul" {rC+} (You bought it in a shop on level 15 of the Dungeon)
 47212 | D:15     | Identified the cursed +0 shield of Immorality {rF- rC++ Str+5} (You bought it in a shop on level 15 of the Dungeon)
 47262 | D:15     | Bought the ring "Dodif" {*Confuse rC+ MR+++ Int+5 Stlth+} for 954 gold pieces
 47357 | Depths:2 | Noticed a juggernaut
 48108 | Depths:3 | Got a dazzling dagger
 48240 | Depths:3 | Found a one-way gate to the infinite horrors of the Abyss.
 48884 | Depths:4 | Noticed a golden dragon
 48890 | Depths:4 | Killed a golden dragon
 48911 | Depths:4 | Noticed a golden dragon
 48919 | Depths:4 | Killed a golden dragon
 49582 | Depths:4 | Reached skill level 20 in Spellcasting
 49788 | Depths:4 | Got an ancient scale mail
 49791 | Depths:4 | Identified the cursed +1 dagger "Zitalaq" {pierce, *Corrode rPois Str+6 Dex+10} (You found it on level 3 of the Depths)
 49793 | Depths:4 | Identified the +3 scale mail of the Exiled Cities {MP+9} (You found it on level 4 of the Depths)
 49863 | Depths:5 | Entered Level 5 of the Depths
 49992 | D:15     | Learned a level 9 spell: Glaciate
 50031 | D:15     | Bought a scorched ring mail for 243 gold pieces
 50031 | D:15     | Bought a twisted scale mail for 243 gold pieces
 50031 | D:15     | Bought a pair of embroidered gloves for 121 gold pieces
 50031 | D:15     | Bought a pair of glowing boots for 121 gold pieces
 50098 | D:15     | Identified the +4 ring mail of Winter {rF+ MP+9} (You bought it in a shop on level 15 of the Dungeon)
 50109 | D:15     | Identified the +1 scale mail "Ypiuda" {+Inv rF- Str+3 Slay+2} (You bought it in a shop on level 15 of the Dungeon)
 50124 | D:15     | Bought a dazzling war axe for 255 gold pieces
 50125 | D:15     | Identified the +12 war axe of the Butterfly {flame, Str+7 Int-5} (You bought it in a shop on level 15 of the Dungeon)
 50346 | D:6      | Killed Grinder
 50455 | Temple   | Fell from the grace of Gozag
 50455 | Temple   | Became a worshipper of Vehumet
 50853 | Depths:4 | Got a scorched blowgun
 50854 | Depths:4 | Identified the +12 blowgun of the Eel {evade, +Blink rC+ Int-5} (You found it on level 4 of the Depths)
 50932 | Depths:5 | Gained mutation: You are immune to freezing clouds. [demonic ancestry]
 50932 | Depths:5 | Reached XP level 23. HP: 157/164 MP: 5/47
 51129 | Depths:5 | Found a gateway to a ziggurat.
 51196 | Depths:5 | Reached * piety under Vehumet
 51196 | Depths:5 | Offered knowledge of Shock by Vehumet.
 51310 | Depths:5 | Got a twitching glass ring
 51649 | Depths:5 | Offered knowledge of Throw Flame by Vehumet.
 51668 | Depths:5 | Reached ** piety under Vehumet
 51876 | Depths:5 | Found a gate to the Realm of Zot.
 52182 | D:15     | Identified the ring of Zin's Benevolence {Ice rN+ Int+3} (You took it off a salamander stormcaller on level 5 of the Depths)
 52209 | D:15     | Learned a level 6 spell: Deflect Missiles
 52468 | Vaults:3 | Reached skill level 1 in Charms
 52512 | Crypt:1  | Entered Level 1 of the Crypt
 52520 | Crypt:1  | Offered knowledge of Throw Frost by Vehumet.
 52591 | Crypt:2  | Reached *** piety under Vehumet
 52709 | Crypt:2  | Reached skill level 5 in Charms
 52725 | Crypt:2  | Offered knowledge of Sticky Flame by Vehumet.
 52778 | Crypt:3  | Entered Level 3 of the Crypt
 52909 | Crypt:3  | Reached skill level 1 in Ice Magic
 53027 | Crypt:3  | Reached **** piety under Vehumet
 53061 | Crypt:3  | Noticed a curse toe
 53070 | Crypt:3  | Killed a curse toe
 53076 | Crypt:3  | Offered knowledge of Throw Icicle by Vehumet.
 53111 | Crypt:3  | Reached skill level 5 in Ice Magic
 53176 | Crypt:3  | Got a brightly glowing granite ring
 53176 | Crypt:3  | Got a heavily runed brass ring
 53176 | Crypt:3  | Got a brightly glowing golden ring
 53177 | Crypt:3  | Noticed an ancient lich
 53180 | Crypt:3  | Killed an ancient lich
 53196 | Crypt:3  | Noticed an ancient lich
 53198 | Crypt:3  | Killed an ancient lich
 53226 | Crypt:3  | Got a shimmering blowgun
 53227 | Crypt:3  | Identified the cursed +3 blowgun "Etainiacek" {speed, rF- MR+ Stlth+} (You found it on level 3 of the Crypt)
 53495 | Crypt:3  | Gained mutation: A frigid envelope surrounds you and freezes all who hurt you. [demonic ancestry]
 53495 | Crypt:3  | Reached XP level 24. HP: 171/171 MP: 33/47
 53638 | Crypt:3  | Found a staircase to the Tomb.
 54575 | Vaults:4 | Reached ***** piety under Vehumet
 54575 | Vaults:4 | Offered knowledge of Force Lance by Vehumet.
 54928 | Vaults:4 | Reached skill level 10 in Ice Magic
 54985 | Vaults:5 | Entered Level 5 of the Vaults
 55296 | Vaults:5 | Got a silver rune of Zot
 55368 | Vaults:5 | Reached skill level 21 in Spellcasting
 55408 | Vaults:5 | Was forgiven by Gozag
 55483 | Vaults:5 | Reached skill level 22 in Spellcasting
 55902 | Zig:1    | Entered Level 1 of a ziggurat
 55923 | Zig:2    | Entered Level 2 of a ziggurat
 55944 | Zig:3    | Entered Level 3 of a ziggurat
 56064 | Zig:4    | Entered Level 4 of a ziggurat
 56069 | Zig:4    | Noticed a juggernaut
 56069 | Zig:4    | Noticed a juggernaut
 56072 | Zig:4    | Killed a juggernaut
 56072 | Zig:4    | Reached XP level 25. HP: 176/176 MP: 27/49
 56072 | Zig:4    | Killed a juggernaut
 56074 | Zig:4    | Reached ****** piety under Vehumet
 56092 | Zig:5    | Entered Level 5 of a ziggurat
 56101 | Zig:5    | Offered knowledge of Bolt of Magma by Vehumet.
 56132 | Zig:6    | Entered Level 6 of a ziggurat
 56150 | Zig:6    | Got a slimy turquoise ring
 56164 | Zig:6    | Got a coiled ruby amulet
 56172 | Zig:6    | Identified the ring "Meifyi" {EV+1 Str+3} (You found it on level 6 of a ziggurat)
 56174 | Zig:6    | Identified the amulet "Uplemn" {Dismiss rF+ Str+3} (You found it on level 6 of a ziggurat)
 56180 | Zig:7    | Entered Level 7 of a ziggurat
 56407 | Zig:7    | Got a bloodstained spear
 56408 | Zig:7    | Identified the +6 spear "Vilo Doneeno" {pierce, rPois Str+2} (You found it on level 7 of a ziggurat)
 56414 | Zig:7    | Got a jewelled spear
 56425 | Zig:8    | Entered Level 8 of a ziggurat
 56615 | Zig:8    | Learned a level 7 spell: Ring of Flames
 56618 | Zig:8    | Identified Sif Muna's Volume of Bewitchment
 56637 | Zig:8    | Identified a +2 pair of boots of running (You found it on level 8 of a ziggurat)
 56649 | Zig:9    | Entered Level 9 of a ziggurat
 56654 | Zig:9    | Noticed a juggernaut
 56660 | Zig:9    | Killed a juggernaut
 56688 | Zig:9    | Got a smoking greatsling
 56690 | Zig:9    | Got a translucent hunting sling
 56692 | Zig:9    | Got a pitted tin ring
 56700 | Zig:9    | Identified Sif Muna's Volume of Floating Confrontation
 56704 | Zig:10   | Entered Level 10 of a ziggurat
 56718 | Zig:10   | Reached skill level 15 in Ice Magic
 56735 | Zig:10   | Got a sparkling platinum ring
 56740 | Zig:10   | Got a pitted mace
 56744 | Zig:11   | Entered Level 11 of a ziggurat
 56816 | Zig:11   | Got an encrusted hand crossbow
 56841 | Zig:11   | Identified Xiaxzed's Incunabulum of Arcane Weapons and the Glacier
 56843 | Zig:11   | Got a twisted spear
 56850 | Zig:11   | Got a scorched hunting sling
 56863 | Zig:12   | Entered Level 12 of a ziggurat
 56882 | Zig:12   | Noticed an ancient lich
 56884 | Zig:12   | Killed an ancient lich
 56914 | Zig:12   | Got an ancient scimitar
 56933 | Zig:12   | Got a pitted diamond amulet
 56946 | Zig:12   | Identified the +3 mace of Ru's Outrage {crush, rF- rC++} (You found it on level 10 of a ziggurat)
 56999 | Zig:12   | Identified the +7 greatsling of Sugealih {velocity, MP+9 Str+4 Stlth-} (You found it on level 9 of a ziggurat)
 57000 | Zig:12   | Identified the +7 hunting sling "Qomih" {velocity, rF+ rC+ rN+ Int+2} (You found it on level 11 of a ziggurat)
 57003 | Zig:12   | Identified the +1 spear of Sament {venom, +Rage rC+ Int-3} (You found it on level 7 of a ziggurat)
 57005 | Zig:12   | Identified the +11 hunting sling of the Ghost {flame, rElec rPois Str-2 SInv} (You found it on level 9 of a ziggurat)
 57007 | Zig:12   | Identified the +7 hand crossbow "Onloucez" {speed, rC+ Int+4 Dex+4} (You found it on level 11 of a ziggurat)
 57009 | Zig:12   | Identified the +9 spear of Valuoh {pierce, Str+3} (You found it on level 11 of a ziggurat)
 57011 | Zig:12   | Identified the +1 scimitar of Summertime {freeze, Fragile +Inv Int+4 SInv} (You found it on level 12 of a ziggurat)
 57017 | Zig:13   | Entered Level 13 of a ziggurat
 57030 | Zig:13   | Offered knowledge of Freezing Cloud by Vehumet.
 57111 | Zig:14   | Entered Level 14 of a ziggurat
 57132 | Zig:14   | Noticed Sathergho the pandemonium lord
 57133 | Zig:14   | Noticed Teeget the pandemonium lord
 57135 | Zig:14   | Killed Teeget the pandemonium lord
 57135 | Zig:14   | Reached XP level 26. HP: 182/182 MP: 40/49
 57135 | Zig:14   | Killed Sathergho the pandemonium lord
 57213 | Zig:15   | Entered Level 15 of a ziggurat
 57244 | Zig:15   | Offered knowledge of Lee's Rapid Deconstruction by Vehumet.
 57251 | Zig:15   | Got a shimmering robe
 57253 | Zig:15   | Identified the Almanac of Confrontation
 57263 | Zig:15   | Identified the cursed +1 robe of Ciohio {rN+ Dex+4} (You found it on level 15 of a ziggurat)
 57266 | Zig:15   | Got an ancient zirconium amulet
 57269 | Zig:15   | Got a faintly humming leather armour
 57272 | Zig:15   | Got an encrusted scale mail
 57281 | Zig:16   | Entered Level 16 of a ziggurat
 57307 | Zig:16   | Noticed a greater mummy
 57308 | Zig:16   | Noticed a greater mummy
 57308 | Zig:16   | Noticed a greater mummy
 57309 | Zig:16   | Noticed a greater mummy
 57309 | Zig:16   | Killed a greater mummy
 57310 | Zig:16   | Killed a greater mummy
 57312 | Zig:16   | Noticed a greater mummy
 57312 | Zig:16   | Killed a greater mummy
 57346 | Zig:16   | Killed a greater mummy
 57355 | Zig:16   | Killed a greater mummy
 57370 | Zig:16   | Noticed a greater mummy
 57373 | Zig:16   | Killed a greater mummy
 57585 | Zig:16   | Reached XP level 27. HP: 188/188 MP: 45/49
 57626 | Zig:16   | Got a transparent flail
 57629 | Zig:17   | Entered Level 17 of a ziggurat
 57653 | Zig:17   | Noticed Ohoogo the pandemonium lord
 57653 | Zig:17   | Noticed Kunamoav the pandemonium lord
 57654 | Zig:17   | Noticed Heli the pandemonium lord
 57654 | Zig:17   | Noticed Peepeig the pandemonium lord
 57654 | Zig:17   | Killed Kunamoav the pandemonium lord
 57655 | Zig:17   | Killed Ohoogo the pandemonium lord
 57656 | Zig:17   | Noticed Naysa the pandemonium lord
 57656 | Zig:17   | Killed Heli the pandemonium lord
 57658 | Zig:17   | Noticed Aklu the pandemonium lord
 57658 | Zig:17   | Killed Naysa the pandemonium lord
 57659 | Zig:17   | Noticed Jocaof the pandemonium lord
 57659 | Zig:17   | Killed Peepeig the pandemonium lord
 57660 | Zig:17   | Noticed Reruj the pandemonium lord
 57660 | Zig:17   | Killed Aklu the pandemonium lord
 57662 | Zig:17   | Killed Jocaof the pandemonium lord
 57662 | Zig:17   | Killed Reruj the pandemonium lord
 57672 | Zig:17   | Noticed Mojockyipp the pandemonium lord
 57676 | Zig:17   | Killed Mojockyipp the pandemonium lord
 57733 | Zig:18   | Entered Level 18 of a ziggurat
 57757 | Zig:18   | Offered knowledge of Bolt of Fire by Vehumet.
 57807 | Zig:18   | Identified the +10 flail of Propriety {drain, +Blink rElec} (You found it on level 16 of a ziggurat)
 57809 | Zig:18   | Identified the amulet of Asiamis {Faith Int+4} (You found it on level 15 of a ziggurat)
 57811 | Zig:18   | Identified the amulet of Springtime {MR++ Regen+} (You found it on level 12 of a ziggurat)
 57815 | Zig:18   | Got a faintly glowing hunting sling
 57822 | Zig:19   | Entered Level 19 of a ziggurat
 57914 | Zig:19   | Identified Sif Muna's Tome of Unstable Companions
 57918 | Zig:19   | Got an ancient crystal amulet
 57960 | Zig:19   | Identified the +1 leather armour "Ikasary" {MR+++} (You found it on level 15 of a ziggurat)
 57971 | Zig:19   | Identified the +0 scale mail of the Prince of Darkness {rElec rN+ MP+9} (You found it on level 15 of a ziggurat)
 57985 | Zig:19   | Got a glittering lapis lazuli ring
 57990 | Zig:19   | Identified the +11 hunting sling of Generosity {flame, rElec MP+9 Str-5} (You found it on level 18 of a ziggurat)
 58372 | Elf:3    | Bought an Akashic Record for 1214 gold pieces
 58381 | Elf:3    | Learned a level 8 spell: Controlled Blink
 58714 | D:15     | Gained mutation: You have sharp toenails. [potion of beneficial mutation]
 58999 | Lair:6   | Found a white marble altar of Elyvilon.
 59496 | Lair:7   | Found a viscous altar of Jiyva.
 59497 | Lair:7   | Found a staircase to the Slime Pits.
 59516 | Slime:1  | Entered Level 1 of the Pits of Slime
 59571 | Slime:3  | Offered knowledge of Ozocubu's Refrigeration by Vehumet.
 59579 | Slime:3  | Reached skill level 10 in Translocations
 59650 | Slime:5  | Noticed Dissolution
 59654 | Slime:5  | Killed Dissolution
 59693 | Slime:6  | Entered Level 6 of the Pits of Slime
 59729 | Slime:6  | Gained mutation: You are frail (-10% HP). [a shining eye]
 59788 | Slime:6  | Found a viscous altar of Jiyva.
 59816 | Slime:6  | Noticed the Royal Jelly
 59823 | Slime:6  | Killed the Royal Jelly
 59860 | Slime:6  | Gained mutation: You are resistant to electric shocks. [potion of beneficial mutation]
 59867 | Slime:6  | Identified the Catalogue of the Unstable Escort
 59900 | Slime:6  | Got a slimy rune of Zot
 59908 | Slime:6  | Got a steaming morningstar
 59973 | Slime:6  | Got a smoking flail
 60476 | Pan      | Entered Pandemonium
 60477 | Pan      | Reached skill level 10 in Fighting
 60580 | Pan      | Offered knowledge of Ozocubu's Refrigeration by Vehumet.
 60581 | Pan      | Noticed Hyeqopn Xuco the pandemonium lord
 60590 | Pan      | Killed Hyeqopn Xuco the pandemonium lord
 60894 | Pan      | Reached skill level 15 in Fighting
 60916 | Pan      | Found an exit through the horrors of the Abyss.
 60947 | Pan      | Noticed Jamm the pandemonium lord
 60949 | Pan      | Killed Jamm the pandemonium lord
 60949 | Pan      | Reached skill level 5 in Earth Magic
 61053 | Pan      | Entered the realm of Lom Lobon.
 61201 | Pan      | Offered knowledge of Lehudib's Crystal Spear by Vehumet.
 61201 | Pan      | Offered knowledge of Shatter by Vehumet.
 61201 | Pan      | Offered knowledge of Tornado by Vehumet.
 61205 | Pan      | Reached skill level 10 in Earth Magic
 61270 | Pan      | Noticed Lom Lobon
 61511 | Pan      | Got a magical rune of Zot
 61792 | Pan      | Killed Lom Lobon
 62033 | Pan      | Noticed Toskeg the pandemonium lord
 62036 | Pan      | Killed Toskeg the pandemonium lord
 62167 | Pan      | Reached skill level 23 in Spellcasting
 62179 | Pan      | Entered the realm of Cerebov.
 62181 | Pan      | Found an exit through the horrors of the Abyss.
 62251 | Pan      | Noticed Mennas
 62253 | Pan      | Killed Mennas
 62333 | Pan      | Noticed Cerebov
 62356 | Pan      | Killed from afar by Cerebov

Skill      XL: |  1  2  3  4  5  6  7  8  9 10 11 12 13 14 15 16 17 18 19 20 21 22 23 24 25 26 27 |
---------------+----------------------------------------------------------------------------------+-----
Conjurations   | 2 3 4 5 6 7 9 10 12 13 14 15 16 17 18 | 18.5
Spellcasting   | 4 5 6 7 8 9 10 11 12 14 15 16 17 18 19 20 22 23 | 23.5
Armour         | 3 5 7 |  7.5
Fighting       | 2 4 7 9 15 | 15.7
Dodging        | 2 5 6 8 9 |  9.0
Stealth        | 4 5 |  5.0
Shields        | 6 10 15 | 15.0
Short Blades   | 4 5 |  5.0
Fire Magic     | 5 9 11 14 16 17 18 | 18.0
Charms         | 6 |  6.1
Ice Magic      | 7 12 17 19 22 | 22.5
Translocations | 12 | 12.8
Earth Magic    | 10 | 10.9
Summonings     | |  1.0

Action                   |  1- 3 |  4- 6 |  7- 9 | 10-12 | 13-15 | 16-18 | 19-21 | 22-24 | 25-27 || total
-------------------------+-------+-------+-------+-------+-------+-------+-------+-------+-------++-------
Melee: Club              |     6 |       |       |       |       |       |       |       |       ||     6
       Dagger            |     6 |    10 |   107 |   476 |  1583 |   113 |    42 |       |       ||  2337
       Hunting sling     |       |       |     1 |       |       |       |       |       |       ||     1
       Staff             |       |       |       |       |       |       |     2 |       |    25 ||    27
 Fire: Hunting sling     |       |    36 |   110 |       |       |       |       |       |       ||   146
Throw: Stone             |       |       |     1 |       |       |       |       |       |       ||     1
 Cast: Magic Dart        |   100 |    74 |   244 |   565 |   289 |   216 |    59 |       |       ||  1547
       Repel Missiles    |     1 |     2 |     1 |       |     2 |     2 |     1 |     1 |       ||    10
       Blink             |     2 |     4 |    16 |    41 |    27 |     2 |     7 |    19 |       ||   118
       Mephitic Cloud    |       |    11 |    31 |    71 |   135 |    14 |    10 |       |       ||   272
       Conjure Flame     |       |       |    29 |    48 |    31 |     5 |       |       |       ||   113
       Spectral Weapon   |       |       |       |     1 |    65 |     2 |       |       |       ||    68
       Regeneration      |       |       |       |       |     2 |       |     2 |       |       ||     4
       Shroud of Golubri |       |       |       |       |     7 |     3 |       |       |       ||    10
       Bolt of Fire      |       |       |       |       |    51 |    73 |       |       |       ||   124
       Lightning Bolt    |       |       |       |       |       |   187 |   356 |    33 |     1 ||   577
       Iskenderun's Batt |       |       |       |       |       |    76 |    81 |     1 |       ||   158
       Fireball          |       |       |       |       |       |   231 |   431 |    75 |       ||   737
       Apportation       |       |       |       |       |       |     5 |     8 |     1 |       ||    14
       Spellforged Servi |       |       |       |       |       |       |    48 |    19 |    12 ||    79
       Orb of Destructio |       |       |       |       |       |       |    58 |   188 |    20 ||   266
       Fire Storm        |       |       |       |       |       |       |       |   269 |    58 ||   327
       Deflect Missiles  |       |       |       |       |       |       |       |     1 |     3 ||     4
       Glaciate          |       |       |       |       |       |       |       |    35 |   332 ||   367
       Controlled Blink  |       |       |       |       |       |       |       |       |     3 ||     3
       Ring of Flames    |       |       |       |       |       |       |       |       |     2 ||     2
Invok: Call Merchant     |       |       |     1 |     1 |     1 |     6 |     4 |     1 |       ||    14
Evoke: Wand              |     1 |       |       |     9 |    15 |     6 |    12 |     4 |       ||    47
       Fan of gales      |       |       |       |       |       |       |       |       |     1 ||     1
       Lamp of fire      |       |       |       |       |       |       |       |       |     1 ||     1
  Use: Scroll            |     8 |     7 |     5 |    18 |    19 |    21 |    20 |    24 |    28 ||   150
       Potion            |       |     1 |       |     5 |    10 |     4 |     2 |     2 |    21 ||    45
 Stab: Confused          |       |       |     7 |    13 |    46 |       |       |       |       ||    66
       Sleeping          |       |       |       |     7 |    66 |    13 |     3 |       |       ||    89
       Distracted        |       |       |       |     2 |    16 |       |       |       |       ||    18
  Eat: Chunk             |     6 |     8 |     5 |       |       |       |       |    12 |     3 ||    34
       Beef jerky        |       |       |     3 |     4 |     3 |     1 |     1 |       |     1 ||    13
       Pizza             |       |       |     2 |     7 |     5 |       |       |     1 |       ||    15
       Fruit             |       |       |     2 |     5 |    12 |       |       |     4 |     3 ||    26
       Bread ration      |       |       |     1 |     1 |     5 |     5 |     5 |     7 |     1 ||    25
       Royal jelly       |       |       |       |     1 |     1 |       |     2 |     7 |     3 ||    14
Armor: Robe              |    12 |    10 |    12 |   183 |   440 |   134 |   153 |    32 |     3 ||   979
       Ring mail         |       |       |    59 |       |       |       |       |       |       ||    59
       Skin              |       |       |       |     6 |     5 |       |       |       |       ||    11
       Troll leather arm |       |       |       |       |       |       |       |       |    20 ||    20
Dodge: Dodged            |    22 |     7 |    77 |   346 |   915 |   217 |   295 |    77 |    28 ||  1984
       Deflected         |       |     2 |     1 |     2 |    10 |     9 |    10 |    17 |    17 ||    68
Block: Buckler           |       |       |       |       |   570 |   101 |     1 |       |       ||   672
       Reflection        |       |       |       |       |    10 |     7 |     1 |       |       ||    18
       Shield            |       |       |       |       |       |    41 |   366 |    90 |    53 ||   550
